 Dungeon Crawl Stone Soup version 0.31-a0-277-g31ea1f65cc (webtiles) character file.

Game seed: 2190065290136761387

1989 LustLizard the Ruffian (level 9, -12/61 HPs)
             Began as an Octopode Shapeshifter on July 15, 2023.
             Was an Initiate of Wu Jian.
             Mangled by a two-headed ogre
             ... wielding a +0 giant club
              (13 damage)
             ... on level 5 of the Dungeon.
             The game lasted 00:08:12 (4258 turns).

LustLizard the Ruffian (Octopode Shapeshifter)      Turns: 4258, Time: 00:08:12

Health: -12/61     AC:  5    Str: 16    XL:     9   Next: 21%
Magic:  9/9        EV: 15    Int: 18    God:    Wu Jian [......]
Gold:   145        SH:  0    Dex: 19    Spells: 8/8 levels left

rFire   . .          .
                       - Unarmed
rCold   + + .        (no shield)
rNeg    . . .        (helmet currently unavailable)
rPois   .            (no amulet)
rElec   .            k - ring of protection from cold
rCorr   .            o - ring of protection from cold
SInv    .            u - +6 ring of dexterity
Will    .....        d - +4 ring of protection
Stlth   +++          w - +6 ring of intelligence
HPRegen 0.30/turn    (no ring)
MPRegen 0.11/turn    (no ring)
                     (no ring)

%: no passive effects
@: beast-form
A: beast (slay +4), almost no armour, amphibious, 8 rings, camouflage 1,
gelatinous body 1, (nimble swimmer 1), tentacles
a: Begin Untransformation, Renounce Religion


You were on level 5 of the Dungeon.
You worshipped Wu Jian.
Wu Jian was noncommittal.
You were a hulking beast.
You visited 2 branches of the dungeon, and saw 6 of its levels.

You collected 215 gold pieces.
You spent 70 gold pieces at shops.

Inventory:

Jewellery
 d - a +4 ring of protection (on tentacle)
 k - a ring of protection from cold (left tentacle)
 o - a ring of protection from cold (right tentacle)
 u - a +6 ring of dexterity (on tentacle)
 w - a +6 ring of intelligence (on tentacle)
Talismans
 b - a beast talisman
Wands
 m - a wand of roots (9)
Scrolls
 c - 2 scrolls of noise {unknown}
 e - a scroll of vulnerability {unknown}
 g - a scroll of teleportation {unknown}
 j - a scroll of revelation {unknown}
 l - a scroll of fear {unknown}
 p - a scroll of poison {unknown}
 r - 3 scrolls of enchant armour {unknown}
Potions
 a - a potion of lignification
 f - a potion of might
 h - a potion of enlightenment
 i - a potion of heal wounds
 n - a potion of haste {unknown}
 q - 2 potions of mutation
 s - 3 potions of cancellation
 t - 2 potions of berserk rage
 v - 2 potions of curing {unknown}


   Skills:
 + Level 5.5 Fighting
 - Level 4.4 Dodging
 * Level 7.7 Unarmed Combat
 * Level 6.0 Shapeshifting


You had 8 spell levels left.
You didn't know any spells.
Your spell library contained the following spells:

 Spells                   Type           Power      Damage    Failure   Level
 Slow                     Hex            0%         N/A       22%         1
 Confusing Touch          Hex            0%         N/A       54%         3
 Vampiric Draining        Necr           0%         2d6       54%         3


Dungeon Overview and Level Annotations

Branches:
Dungeon (5/15)             Temple (1/1) D:5

Altars:
Cheibriados
Dithmenos
Elyvilon
Fedhas
Kikubaaqudgha
Nemelex Xobeh
Okawaru
Qazlal
Sif Muna
Wu Jian
Zin

Shops:
D:2 !   D:5 [

Annotations:
D:5 2 transporters, AwFulAwFulPlayer's ghost, weakling DrDe


Innate Abilities, Weirdness & Mutations

You are a hulking beast.
Your limbs bulge with bestial killing power. (Slay +4)
You cannot wear most types of armour.
You are amphibious.
You can wear up to eight rings at the same time.
Your skin changes colour to match your surroundings (Stealth+).
Your rubbery body absorbs attacks. (AC +1, EV +1)
((You are camouflaged when in or above water. (Stealth+)))
You have tentacles for arms and can constrict up to eight enemies at once.


Message History

Press: ? - help, Q - select action Shift-Dir - straight line, f/p - two-headed ogre
Aim: a two-headed ogre, wielding two +0 giant clubs (lightly wounded)
The roots erupt in riotous growth!
Roots grab the two-headed ogre.
The grasping roots constrict the two-headed ogre.
You hear an angry hiss.
The two-headed ogre escapes!
Aiming: Fastroot
Press: ? - help, Q - select action Shift-Dir - straight line, f/p - two-headed ogre
Aim: a two-headed ogre, wielding two +0 giant clubs (moderately wounded)
The roots erupt in riotous growth!
Roots grab the two-headed ogre.
The grasping roots constrict the two-headed ogre.
The two-headed ogre escapes!
Aiming: Fastroot
Press: ? - help, Q - select action Shift-Dir - straight line, f/p - two-headed ogre
Aim: a two-headed ogre, wielding two +0 giant clubs (moderately wounded)
The roots erupt in riotous growth!
Roots grab the two-headed ogre.
The grasping roots constrict the two-headed ogre.
The two-headed ogre escapes!
Clearing quiver.
You barely miss the two-headed ogre.
The two-headed ogre is moderately wounded.
The two-headed ogre closely misses you.
The two-headed ogre completely misses you.
You bludgeon the two-headed ogre!
The two-headed ogre is heavily wounded.
You bludgeon the two-headed ogre! You tentacle-slap the two-headed ogre.
The two-headed ogre is severely wounded.
The two-headed ogre hits you with a +0 giant club!
The two-headed ogre hits you with a +0 giant club!!
You tentacle-slap the two-headed ogre.
The two-headed ogre is severely wounded.
You tentacle-slap the two-headed ogre.
The two-headed ogre is severely wounded.
The two-headed ogre hits you with a +0 giant club!!
* * * LOW HITPOINT WARNING * * *
The two-headed ogre hits you with a +0 giant club!
You die...

#.....#...#...#)..#...#.....
####...........................
###.#........#...#...#...#......#
....#...#...#.#...#.#...#.#......
.....##....#...#...#...#...#.###.
.[.[.........................##..
..∩..#.......#...#...#...#.......
.[.[.##.....#.#...#.#...#.#..##..
.....##..#.#...#h..#...#...#.....
#######.........O........... ..g
#...........##....#..#.... ...
###.####.##..###...##.##.... #..
#...# #.....###..## .# ... ###.
#.### ##.........## .# #... ..
#.#######..........#... ....##.
................##..... .......#
≈≈~≈≈≈≈≈≈≈≈≈≈≈≈.#.......##.......


You could see a two-headed ogre.

Vanquished Creatures
  A troll (D:5)
  Grinder (D:3)
  Sigmund (D:4)
  A water moccasin (D:5)
  A black bear (D:5)
  2 ice beasts (D:5)
  An ogre (D:5)
  A phantom (D:4)
  5 scorpions
  4 howler monkeys
  5 hounds
  2 jellies (D:5)
  Jessica (D:3)
  2 iguanas
  A gnoll (D:5)
  4 adders
  2 shadow imps (D:5)
  An ufetubus (D:5)
  A worm (D:2)
  9 dart slugs
  6 orcs
  3 ball pythons
  4 bats
  2 endoplasms (D:1)
  2 giant cockroaches
  3 goblins
  6 hobgoblins
  3 jackals (D:1)
  5 quokkas
  2 frilled lizards (D:1)
  6 kobolds
  2 rats (D:1)
90 creatures vanquished.

Notes
Turn   | Place    | Note
-------+----------+-------------------------------------------
     0 | D:1      | LustLizard the Octopode Shapeshifter began the quest for
                  | the Orb.
     0 | D:1      | Reached XP level 1. HP: 14/14 MP: 1/1
   173 | D:1      | Reached XP level 2. HP: 12/19 MP: 2/2
   330 | D:1      | Reached XP level 3. HP: 24/24 MP: 3/3
   560 | D:2      | Found a sparkling altar of Nemelex Xobeh.
   774 | D:2      | Found Qunuoxao's Distillery.
   779 | D:2      | Reached skill level 3 in Unarmed Combat
   816 | D:2      | Reached XP level 4. HP: 30/30 MP: 4/4
   817 | D:2      | Bought a potion of heal wounds for 70 gold pieces
  1081 | D:3      | Noticed Jessica
  1084 | D:3      | Killed Jessica
  1132 | D:3      | Found an ancient bone altar of Kikubaaqudgha.
  1133 | D:3      | Noticed Grinder
  1140 | D:3      | Killed Grinder
  1141 | D:3      | Reached skill level 4 in Unarmed Combat
  1141 | D:3      | Reached XP level 5. HP: 29/36 MP: 5/5
  1141 | D:3      | Reached XP level 6. HP: 33/42 MP: 6/6
  2024 | D:4      | Reached XP level 7. HP: 37/46 MP: 7/7
  2092 | D:4      | Reached skill level 5 in Unarmed Combat
  2160 | D:4      | Noticed Sigmund
  2494 | D:4      | Killed Sigmund
  2557 | D:5      | Entered Level 5 of the Dungeon
  2561 | D:5      | Found a staircase to the Ecumenical Temple.
  2582 | Temple   | Entered the Ecumenical Temple
  2736 | Temple   | Became a worshipper of the Wu Jian Council
  2758 | D:5      | Reached XP level 8. HP: 51/54 MP: 8/8
  2793 | D:5      | Noticed a two-headed ogre
  2795 | D:5      | Noticed a troll
  2920 | D:5      | Reached skill level 6 in Unarmed Combat
  3088 | D:5      | Reached skill level 5 in Shapeshifting
  3237 | D:5      | Found a glowing silver altar of Zin.
  3339 | D:5      | Found a transporter.
  3340 | D:5      | Noticed AwFulAwFulPlayer's ghost (weakling DrDe)
  3361 | D:5      | Identified the +2 trident of Teclaps {venom, rF+ SInv}
  3361 | D:5      | Identified the +0 kite shield "Ledwol" {+Blink rN++}
  3383 | D:5      | Found a transporter.
  3442 | D:5      | Reached skill level 5 in Fighting
  4015 | D:5      | Killed a troll
  4016 | D:5      | Reached skill level 7 in Unarmed Combat
  4016 | D:5      | Reached XP level 9. HP: 48/61 MP: 9/9
  4082 | D:5      | Found Fuit's Armour Boutique.
  4258 | D:5      | HP: 1/61 [two-headed ogre/+0 giant club (26)]
  4258 | D:5      | Mangled by a two-headed ogre

Illustrated notes

Levels and vault maps discovered:
D:1:      roderic_octagonal_star, layout_rooms
D:2:      layout_rooms, serial_shops, nicolae_diamond_shop, basic_altar
D:3:      layout_loops_ring, old_standard_altar, uniq_grinder, uniq_jessica
D:4:      layout_basic, kennysheep_pointless_box, minivault_24, uniq_sigmund
D:5:      cheibrodos_fzero, layout_cave_pools, kennysheep_little_box,
          minmay_temple_entry_drinking_statues, serial_shops,
          nicolae_shop_scrapyard, gammafunk_ghost_gnarly_gnolls
Temple:   hellmonk_temple_forest_ring

Skill      XL: |  1  2  3  4  5  6  7  8  9 |
---------------+----------------------------+-----
Unarmed Combat | 3 4 5 7 |  7.7
Fighting       | 3 4 5 |  5.5
Dodging        | 3 4 |  4.4
Shapeshifting  | 4 5 6 |  6.0

Action                     |  1- 3 |  4- 6 |  7- 9 || total
---------------------------+-------+-------+-------++-------
  Melee: Unarmed           |    61 |    52 |   117 ||   230
         Tentacles         |    13 |    17 |    28 ||    58
         Constrict         |    10 |    17 |    22 ||    49
         Punch             |       |     2 |    11 ||    13
Ability: Lunge             |       |       |    12 ||    12
  Evoke: Wand              |       |       |     4 ||     4
    Use: Scroll            |     1 |     3 |     2 ||     6
   Stab: Sleeping          |     1 |     7 |     1 ||     9
         Distracted        |     1 |       |     2 ||     3
 Armour: Skin              |     4 |     2 |     9 ||    15
  Dodge: Dodged            |    47 |    24 |    86 ||   157

Table legend: (Time is in decaauts)
 A = Elapsed time spent in this place.
 B = Non-inter-level travel time spent in this place.
 C = Inter-level travel time spent in this place.
 D = Time resting spent in this place.
 E = Time spent auto-exploring this place.
 F = Levels seen in this place.
 G = Mean time per level.
                   A        B        C        D        E       F      G
               +--------+--------+--------+--------+--------+-----+--------+
         Total |   4238 |   3925 |    313 |    533 |   2585 |   6 |  706.3 |
       Dungeon |   4068 |   3769 |    299 |    533 |   2453 |   5 |  813.6 |
        Temple |    169 |    155 |     14 |      0 |    132 |   1 |  169.0 |
               +--------+--------+--------+--------+--------+-----+--------+

Top non-repeatable levels by time:
     D:5: 1254 daAuts
     D:4: 1102 daAuts
     D:3: 696 daAuts
     D:1: 558 daAuts
     D:2: 458 daAuts
  Temple: 169 daAuts
